 Dungeon Crawl Stone Soup version 0.24-a0-441-g27f0392e16 (webtiles) character file.

Game seed: 3774843750566315727

1879 KristoblXynda the Carver (level 8, -3/71 HPs)
             Began as a Pale Draconian Gladiator on June 19, 2019.
             Was an Initiate of Ashenzari.
             Slain by Duvessa
             ... wielding a +1 short sword of draining
              (7 damage)
             ... on level 6 of the Dungeon.
             The game lasted 00:08:34 (6600 turns).

KristoblXynda the Carver (Pale Draconian Gladiator) Turns: 6600, Time: 00:08:34

Health: -3/71      AC:  9    Str: 20    XL:     8   Next: 91%
Magic:  10/10      EV: 14    Int: 10    God:    Ashenzari [......]
Gold:   431        SH:  0    Dex: 21    Spells: 7/7 levels left

rFire    + . .     SeeInvis .   a - +0 long sword
rCold    . . .     Gourm    .   (no shield)
rNeg     . . .     Faith    .   (armour unavailable)
rPois    .         Spirit   .   b - +0 hat
rElec    .         Reflect  .   y - +0 cloak
rCorr    .         Harm     .   s - +0 pair of gloves (curse)
MR       .....                  q - +0 pair of boots
Stlth    ++........             (no amulet)
HPRegen  0.21/turn              j - +4 ring of strength
MPRegen  0.12/turn              x - ring "Qiveuremu" {rF+ Dex+7} (curse)

@: short of breath, heavily drained
A: breathe steam, unfitting armour, cold-blooded, AC +6
a: Breathe Steam, Curse Item, Renounce Religion


You were on level 6 of the Dungeon.
You worshipped Ashenzari.
Ashenzari was noncommittal.
You were not hungry.

You visited 2 branches of the dungeon, and saw 7 of its levels.

You collected 431 gold pieces.

Inventory:

Hand Weapons
 a - a +0 long sword (weapon)
Missiles
 c - 3 throwing nets
 t - 6 atropa-tipped darts (quivered)
Armour
 b - a +0 hat (worn)
 q - a +0 pair of boots (worn)
 s - a cursed +0 pair of gloves (worn)
 y - a +0 cloak (worn)
Jewellery
 j - a +4 ring of strength (left hand)
 v - an uncursed ring of positive energy
 x - the cursed ring "Qiveuremu" (right hand) {rF+ Dex+7}
   (You found it on level 5 of the Dungeon)

   [ring of protection from fire]

   It affects your dexterity (+7).
   It protects you from fire.
   It has a curse placed upon it.
 z - an uncursed ring of magical power
Wands
 o - a wand of digging (4)
Scrolls
 e - 4 scrolls of remove curse
 f - 2 scrolls of amnesia
 g - a scroll of blinking {unknown}
 k - a scroll of teleportation {unknown}
 l - 2 scrolls of enchant weapon {unknown}
 p - 3 scrolls of magic mapping
 r - a scroll of fog {unknown}
 u - a scroll of immolation {unknown}
Potions
 h - a potion of ambrosia
 m - 3 potions of curing
 n - a potion of heal wounds
 w - a potion of agility
Comestibles
 d - 8 rations


   Skills:
 + Level 6.3(3.6) Fighting
 * Level 8.4(5.5) Long Blades
 - Level 2.0(0.0) Throwing
 + Level 5.7(3.0) Dodging
 + Level 3.2(0.7) Evocations


You had 7 spell levels left.
You didn't know any spells.
Your spell library was empty.

Dungeon Overview and Level Annotations

Branches:
Dungeon (6/15)             Temple (1/1) D:5

Altars:
Ashenzari
Cheibriados
Dithmenos
Elyvilon
Fedhas
Gozag
Hepliaklqana
Kikubaaqudgha
Makhleb
Nemelex Xobeh
Okawaru
Ru
Sif Muna
Trog
Uskayaw
Vehumet
Wu Jian
Xom
Yredelemnul
Zin
The Shining One

Annotations:
D:6 Duvessa


Innate Abilities, Weirdness & Mutations

You can breathe blasts of scalding, opaque steam.
Your pale cyan-grey scales are hard. (AC +6)
You cannot fit into any form of body armour.
You are cold-blooded and may be slowed by cold attacks.


Message History

You feel drained.
Evoke which item? (* to show all) (? for menu, Esc to quit)
Okay, then.
An orc comes into view. It is wielding a +0 flail.
The orc shouts!
You hear a shout!
The wight is engulfed in a cloud of scalding steam.
Duvessa closely misses you.
Duvessa hits you with a +1 short sword of draining.
You feel drained.
Duvessa hits you with a +1 short sword of draining!
You feel drained.
Duvessa hits you with a +1 short sword of draining!
* * * LOW HITPOINT WARNING * * *
You feel drained.
* * * LOW HITPOINT WARNING * * *
Duvessa rages.
Duvessa hits you with a +1 short sword of draining!
* * * LOW HITPOINT WARNING * * *
You feel drained.
You die...

.# #. #####.# #.
#######.....###### #.
#.......o.####...###.##.
..#####.#...).)......##.
#z##.###...####. #.##.#
##.## #e##.# #e# #@##.#
#.# #.##.# #.# #.##.#
#.# #.##.####.## ###
#.##.(....(### #.#
#............. . #.#
######.###...# # #.# #.#
#...# # #†# ########.#
#...# #


You could see Duvessa (berserk), a wight and an orc.

Vanquished Creatures
  Sigmund (D:6)
  3 phantoms
  2 ogres (D:5)
  2 centaurs (D:6)
  A bullfrog (D:6)
  A water moccasin skeleton (D:4)
  Dowan (D:6)
  2 scorpions (D:6)
  A wight (D:6)
  3 howler monkeys
  A bullfrog zombie (D:6)
  A crimson imp (D:6)
  A centaur zombie (D:5)
  2 bullfrog skeletons
  A centaur skeleton (D:4)
  6 orc wizards
  2 worker ants
  2 iguanas
  A hound skeleton (D:4)
  8 adders
  4 gnolls (D:5)
  A shadow imp (D:5)
  An ooze (D:3)
  3 worms
  2 dart slugs
  A leopard gecko (D:4)
  12 orcs
  9 giant cockroaches
  6 goblins
  2 hobgoblins
  11 jackals
  A quokka (D:3)
  2 ball pythons
  12 bats
  6 frilled lizards
  8 kobolds
  A leopard gecko skeleton (D:4)
  6 rats
130 creatures vanquished.

Notes
Turn   | Place    | Note
-------+----------+-------------------------------------------
     0 | D:1      | KristoblXynda the Draconian Gladiator began the quest for
                  | the Orb.
     0 | D:1      | Reached XP level 1. HP: 17/17 MP: 1/1
   110 | D:1      | You fall into a shaft and drop 1 floor!
   327 | D:2      | Reached XP level 2. HP: 24/24 MP: 2/2
   668 | D:2      | Reached XP level 3. HP: 28/30 MP: 3/3
  1449 | D:3      | Reached skill level 4 in Long Blades
  1558 | D:3      | Reached XP level 4. HP: 37/37 MP: 4/4
  1882 | D:3      | Noticed a phantom
  1903 | D:3      | Killed a phantom
  1903 | D:3      | Reached XP level 5. HP: 33/45 MP: 5/5
  2175 | D:3      | You fall into a shaft and drop 1 floor!
  2790 | D:4      | Reached skill level 5 in Long Blades
  2875 | D:4      | Reached XP level 6. HP: 50/52 MP: 6/6
  3892 | D:5      | Entered Level 5 of the Dungeon
  3902 | D:5      | Reached skill level 6 in Long Blades
  3902 | D:5      | Your scales start taking on a pale cyan-grey colour.
  3902 | D:5      | Reached XP level 7. HP: 60/60 MP: 7/7
  3934 | D:5      | Found a staircase to the Ecumenical Temple.
  3968 | Temple   | Entered the Ecumenical Temple
  4148 | Temple   | Became a worshipper of Ashenzari the Shackled
  4404 | D:5      | Identified the ring "Qiveuremu" {rF+ Dex+7}
  4613 | D:5      | Reached skill level 5 in Fighting
  4681 | D:5      | Reached skill level 7 in Long Blades
  5069 | D:5      | Reached skill level 5 in Dodging
  5589 | D:6      | Reached XP level 8. HP: 68/68 MP: 8/8
  5603 | D:6      | Reached skill level 1 in Evocations
  6087 | D:6      | Noticed Sigmund
  6105 | D:6      | Killed Sigmund
  6105 | D:6      | Reached skill level 8 in Long Blades
  6577 | D:6      | Noticed Dowan
  6580 | D:6      | Noticed Duvessa
  6589 | D:6      | Killed Dowan
  6600 | D:6      | Slain by Duvessa

Levels and vault maps discovered:
D:1:      ncdulo_lavacross, layout_loops_ring
D:2:      layout_basic, chequers_serial_rivers_small_3
D:3:      layout_loops_ring, minmay_quadrilaterals
D:4:      layout_cave_pools, first_ration
D:5:      layout_basic, minmay_temple_entry_mist, hangedman_minor_gate_pass
D:6:      layout_loops_ring, tso_altar, uniq_duvessa, uniq_sigmund,
          uniq_menkaure
Temple:   grunt_wide_crystal_templ

Skill      XL: |  1  2  3  4  5  6  7  8 |
---------------+-------------------------+-----
Throwing       | 2 |  2.0
Dodging        | 3 4 5 |  5.7
Long Blades    | 4 5 6 7 8 |  8.4
Fighting       | 3 4 5 6 |  6.3
Evocations     | 3 |  3.2

Action                   |  1- 3 |  4- 6 |  7- 9 || total
-------------------------+-------+-------+-------++-------
Melee: Long sword        |    93 |   183 |   104 ||   380
       Tailslap          |    13 |    32 |    18 ||    63
Throw: Boomerang         |       |    17 |    26 ||    43
Invok: Curse Item        |       |       |     1 ||     1
 Abil: Breathe Steam     |       |       |    10 ||    10
  Use: Scroll            |       |     2 |     5 ||     7
 Stab: Sleeping          |     1 |     2 |       ||     3
       Invisible         |       |     2 |       ||     2
  Eat: Chunk             |     1 |     7 |     8 ||    16
       Ration            |       |     1 |       ||     1
Armor: Skin              |    40 |    51 |    20 ||   111
Dodge: Dodged            |    90 |   180 |    88 ||   358
       Rpst.: Long sword |    29 |    54 |    17 ||   100

Table legend:
 A = Non-vault XP
 B = Vault XP
 C = Vault XP percentage of total XP
 D = Non-vault monster count
 E = Vault monster count
 F = Vault count percentage of total count
                 A         B        C        D         E       F
            +---------+---------+-------+---------+---------+-------
      Total |    2177 |     508 |  18.9 |     120 |      10 |   7.7
            +---------+---------+-------+---------+---------+-------
        D:1 |      27 |       0 |   0.0 |      17 |       0 |   0.0
        D:2 |      69 |       0 |   0.0 |      26 |       0 |   0.0
        D:3 |      90 |     140 |  60.9 |      24 |       5 |  17.2
        D:4 |     398 |       0 |   0.0 |      21 |       0 |   0.0
        D:5 |     594 |      71 |  10.7 |      13 |       3 |  18.8
        D:6 |     964 |     297 |  23.6 |      18 |       2 |  10.0
     Temple |      35 |       0 |   0.0 |       1 |       0 |   0.0
            +---------+---------+-------+---------+---------+-------
